 Dungeon Crawl Stone Soup version 0.19-a0-1803-g97ff39f (webtiles) character file.

12785 Naow the Severer (level 11, -10/99 HPs)
             Began as a Minotaur Berserker on Oct 5, 2016.
             Was the Champion of Trog.
             Mangled by an ice beast (13 damage)
             ... on level 11 of the Dungeon.
             The game lasted 00:20:50 (9590 turns).

Naow the Severer (Minotaur Berserker)               Turns: 9590, Time: 00:20:53

Health: -10/99     AC: 13    Str: 27    XL:     11   Next: 67%
Magic:  10/10      EV: 14    Int:  7    God:    Trog [******]
Gold:   700        SH:  0    Dex: 15    Spells: 0 memorised, 10 levels left

rFire  . . .     SeeInvis .     a - +0 hand axe
rCold  . . .     Gourm    .     I - +0 shadow dragon armour
rNeg   . . .     Faith    +     (no shield)
rPois  +         Spirit   .     (helmet restricted)
rElec  .         Dismiss  .     o - +0 cloak
rCorr  .         Reflect  .     P - +0 pair of gloves
MR     ++...     Harm     .     (no boots)
Stlth  +++.......               r - amulet of faith
                                h - ring of poison resistance
                                O - +5 ring of strength

@: agile, exhausted, regenerating, slowed, very slow
A: retaliatory headbutt, horns 2
a: Berserk, Trog's Hand, Brothers in Arms, Burn Spellbooks, Renounce Religion


You were on level 11 of the Dungeon.
You worshipped Trog.
Trog was exalted by your worship.
You were near starving.

You visited 1 branch of the dungeon, and saw 11 of its levels.
You also visited: Ossuary.

You collected 700 gold pieces.

Inventory:

Hand Weapons
 a - a +0 hand axe (weapon)
Missiles
 F - 2 needles of confusion
Armour
 b - a +0 animal skin
 n - a +0 plate armour
 o - a +0 cloak (worn)
 G - the +5 ring mail "Qinothoe" {rN+ MR+ Dex+7}
   (You found it on level 4 of the Dungeon)

   It affects your dexterity (+7).
   It protects you from negative energy.
   It affects your resistance to hostile enchantments.
 I - a +0 shadow dragon armour (worn)
 P - a +0 pair of gloves (worn)
Jewellery
 h - a ring of poison resistance (right hand)
 r - an amulet of faith (around neck)
 O - a +5 ring of strength (left hand)
 Q - a +3 ring of dexterity
 Y - an uncursed ring of protection from magic
Wands
 e - a wand of confusion (17/48)
 f - a wand of lightning (2/15)
 D - a wand of disintegration (10/24)
 H - a wand of flame (34/48)
 U - a wand of acid (3/15)
 W - a wand of hasting (6/9)
 Z - a wand of digging (11/24)
Scrolls
 d - 15 scrolls of remove curse {unknown}
 l - 10 scrolls of identify {unknown}
 p - 6 scrolls of recharging {unknown}
 s - 2 scrolls of teleportation {unknown}
 w - 3 scrolls of magic mapping {unknown}
 x - a scroll of noise {unknown}
 A - a scroll of amnesia {unknown}
 C - 2 scrolls of random uselessness {unknown}
 E - 2 scrolls of fog {unknown}
 L - 5 scrolls of enchant weapon {unknown}
 N - a scroll of brand weapon {unknown}
 V - a scroll of enchant armour {unknown}
Potions
 g - 2 potions of cure mutation
 i - 6 potions of curing
 m - a potion of heal wounds {unknown}
 t - a potion of invisibility {unknown}
 u - 3 potions of agility
 v - 2 potions of magic {unknown}
 z - a potion of flight {unknown}
 J - a potion of cancellation {unknown}
 K - 2 potions of ambrosia {unknown}
 M - 2 potions of brilliance {unknown}
 R - 2 potions of beneficial mutation {unknown}
 T - 3 potions of lignification {unknown}
Books
 q - a book of Maledictions

   Spells                             Type                      Level
   a - Corona                         Hexes                        1
   b - Ensorcelled Hibernation        Hexes/Ice                    2
   c - Confuse                        Hexes                        3
   d - Tukima's Dance                 Hexes                        3
   e - Dazzling Spray                 Conjuration/Hexes            3
   Trog disapproves of the use of such an item.
 y - a book of Maledictions

   Spells                             Type                      Level
   a - Corona                         Hexes                        1
   b - Ensorcelled Hibernation        Hexes/Ice                    2
   c - Confuse                        Hexes                        3
   d - Tukima's Dance                 Hexes                        3
   e - Dazzling Spray                 Conjuration/Hexes            3
   Trog disapproves of the use of such an item.
 B - a book of Misfortune

   Spells                             Type                      Level
   a - Confusing Touch                Hexes                        1
   b - Confuse                        Hexes                        3
   c - Gell's Gravitas                Hexes/Translocation          3
   d - Petrify                        Transmutation/Earth          4
   e - Metabolic Englaciation         Hexes/Ice                    5
   f - Yara's Violent Unravelling     Hexes/Transmutation          5
   Trog disapproves of the use of such an item.
Comestibles
 c - 8 bread rations
 j - 4 meat rations
 k - 2 fruits
 S - 6 beef jerkies
 X - 7 slices of pizza


   Skills:
 + Level 9.9 Fighting
 - Level 19.0 Axes
 - Level 2.4 Armour
 - Level 2.1 Dodging


You had 10 spell levels left.
You didn't know any spells.

Dungeon Overview and Level Annotations

Branches:
Dungeon (11/15)            Temple (0/1) D:4            Lair (0/6) D:10
    Orc (0/2) D:9

Altars:
Elyvilon
Gozag
Hepliaklqana
Nemelex Xobeh
Okawaru
Sif Muna
Trog

Shops:
D:6 }   D:8 }


Innate Abilities, Weirdness & Mutations

You reflexively headbutt those who attack you in melee.
You have a pair of horns on your head.


Message History

You are no longer berserk.
You are exhausted.
You feel yourself slow down.
You are near starving!
It was a potion of agility.
You feel agile all of a sudden.
You feel the effects of Trog's Hand fading.
The ice beast closely misses you. You furiously retaliate!
You headbutt the ice beast, but do no damage.
The orc hits you but does no damage. The ice beast hits you.
* * * LOW HITPOINT WARNING * * *
The ice beast freezes you!
* * * LOW HITPOINT WARNING * * *
It was a potion of cure mutation.
It has a very clean taste.
The ice beast barely misses you. You furiously retaliate!
You headbutt the ice beast, but do no damage.
The ice beast misses you. The orc barely misses you. The ice beast hits you.
* * * LOW HITPOINT WARNING * * *
The ice beast freezes you!
You die...

.## #...#
... #...#
... #...#
... #...#
#.###...#
..Y ...#
#.###Y##))#
#....Y@)))#
#####o###)#
#c #(# #.
#(# #. #(#
#.###.#
#.#...#
#.#.### #.#


You could see 3 ice beasts, a centaur and an orc.

Vanquished Creatures
  2 hill giants (D:10)
  Pikel (D:7)
  Joseph (D:8)
  A gargoyle (D:11)
  A komodo dragon (D:10)
  The ghost of Tekks the Conjurer, a novice OpCj of Vehumet (Ossuary)
  2 trolls
  2 hornets
  2 hippogriffs
  A shadow (D:11)
  2 wyverns
  3 hogs (D:7)
  A human (D:7)
  A golden eye (shapeshifter) (D:11)
  Grum (D:8)
  3 black bears
  8 ice beasts
  2 orc warriors
  4 sky beasts
  A phantom (D:5)
  11 ogres
  4 wolves (D:8)
  10 centaurs
  A crocodile (D:10)
  4 bullfrogs
  A big kobold (D:9)
  2 scorpions
  11 killer bees
  10 wights
  5 howler monkeys
  4 crimson imps
  4 centaur zombies
  6 bullfrog zombies
  8 hounds
  5 orc priests
  2 bullfrog skeletons
  4 jellies
  Crazy Yiuf (D:4)
  2 centaur skeletons
  8 orc wizards
  6 worker ants
  An iguana (D:6)
  3 killer bee zombies (Ossuary)
  3 hound zombies (Ossuary)
  14 mummies (Ossuary)
  A howler monkey zombie (D:8)
  5 worker ant zombies
  A howler monkey skeleton (D:9)
  10 gnolls
  9 adders
  An ooze (D:2)
  2 adder zombies
  An adder skeleton (D:4)
  2 worms
  2 leopard geckos
  23 orcs
  3 giant cockroaches (D:2)
  10 goblins
  6 hobgoblins
  9 jackals
  15 kobolds
  4 quokkas
  2 ball pythons
  8 bats
  4 frilled lizards
  A jackal zombie (D:5)
  A leopard gecko skeleton (D:4)
  4 leopard gecko zombies (Ossuary)
  2 quokka skeletons (D:4)
  2 quokka zombies (D:5)
  6 rats
  A plant (D:10)
305 creatures vanquished.

Vanquished Creatures (others)
  A hog (D:7)
  2 slaves (D:7)
  An ogre (D:7)
  An orc wizard (D:7)
  A worker ant zombie (D:7)
  2 orcs (D:7)
  A quokka (D:7)
  A plant (D:10)
  3 withered plants (Ossuary)
13 creatures vanquished.

Grand Total: 318 creatures vanquished

Notes
Turn   | Place    | Note
-------+----------+-------------------------------------------
     0 | D:1      | Naow the Minotaur Berserker began the quest for the Orb.
     0 | D:1      | Reached XP level 1. HP: 19/19 MP: 0/0
    89 | D:1      | Reached skill level 4 in Axes
   218 | D:1      | Reached XP level 2. HP: 26/26 MP: 1/1
   719 | D:2      | Reached ** piety under Trog
   719 | D:2      | Reached skill level 5 in Axes
   772 | D:2      | Found a sparkling altar of Nemelex Xobeh.
   832 | D:2      | Reached XP level 3. HP: 20/31 MP: 2/2
  1597 | D:3      | Reached XP level 4. HP: 39/39 MP: 3/3
  1654 | D:3      | Reached skill level 6 in Axes
  1748 | D:3      | Found a white marble altar of Elyvilon.
  1855 | D:4      | Noticed an ogre
  1864 | D:4      | Killed an ogre
  1864 | D:4      | Reached skill level 7 in Axes
  1864 | D:4      | Reached XP level 5. HP: 45/45 MP: 4/4
  2046 | D:4      | Found a staircase to the Ecumenical Temple.
  2270 | D:4      | Found a bloodstained altar of Trog.
  2274 | D:4      | Reached *** piety under Trog
  2281 | D:4      | Found an iron altar of Okawaru.
  2315 | D:4      | Reached skill level 8 in Axes
  2318 | D:4      | Reached XP level 6. HP: 36/51 MP: 5/5
  2541 | D:4      | Got a garnet-encrusted ring mail
  2552 | D:4      | Identified the +5 ring mail "Qinothoe" {rN+ MR+ Dex+7} (You found it on level 4 of the Dungeon)
  2589 | D:4      | Reached skill level 9 in Axes
  2774 | D:4      | Found a runed door.
  2866 | D:4      | Noticed Crazy Yiuf
  2874 | D:4      | Killed Crazy Yiuf
  3069 | D:5      | Entered Level 5 of the Dungeon
  3090 | D:5      | Reached XP level 7. HP: 49/57 MP: 6/6
  3201 | D:5      | Reached skill level 10 in Axes
  3251 | D:5      | Found a sand-covered staircase.
  3267 | Ossuary  | Entered an ossuary
  3406 | Ossuary  | Reached skill level 11 in Axes
  3502 | Ossuary  | Noticed Tekks's ghost (novice OpCj)
  3538 | Ossuary  | Killed Tekks's ghost
  3538 | Ossuary  | Reached skill level 12 in Axes
  3538 | Ossuary  | Reached XP level 8. HP: 52/64 MP: 7/7
  3540 | Ossuary  | Reached **** piety under Trog
  4018 | D:5      | Reached skill level 13 in Axes
  4399 | D:6      | Found a deep blue altar of Sif Muna.
  4463 | D:6      | Found Buucobrir's Gadget Shop.
  4690 | D:6      | Reached XP level 9. HP: 65/70 MP: 8/8
  4719 | D:6      | Reached skill level 14 in Axes
  5369 | D:7      | Found an opulent altar of Gozag.
  5429 | D:7      | Reached ***** piety under Trog
  5501 | D:7      | Noticed Pikel
  5516 | D:7      | Killed Pikel
  5516 | D:7      | Reached skill level 15 in Axes
  5588 | D:7      | Received a gift from Trog
  5588 | D:7      | Reached skill level 16 in Axes
  6005 | D:7      | Reached XP level 10. HP: 75/77 MP: 9/9
  6358 | D:8      | Noticed Grum
  6382 | D:8      | Killed Grum
  6562 | D:8      | Reached skill level 17 in Axes
  6931 | D:8      | Noticed Joseph
  6965 | D:8      | Killed Joseph
  7209 | D:8      | Found Gulaynn's Gadget Shoppe.
  7215 | D:8      | Found a hazy altar of Hepliaklqana.
  7686 | D:9      | Reached skill level 18 in Axes
  7851 | D:9      | Received a gift from Trog
  7946 | D:9      | Found a staircase to the Orcish Mines.
  8230 | D:9      | Reached XP level 11. HP: 63/82 MP: 10/10
  8557 | D:10     | Entered Level 10 of the Dungeon
  8604 | D:10     | Noticed a hill giant
  8615 | D:10     | Killed a hill giant
  8615 | D:10     | Reached skill level 19 in Axes
  8776 | D:10     | Noticed a hill giant
  8791 | D:10     | Killed a hill giant
  8791 | D:10     | Reached skill level 5 in Fighting
  8929 | D:10     | Found a staircase to the Lair.
  9070 | D:11     | Reached ****** piety under Trog
  9070 | D:11     | Received a gift from Trog
  9584 | D:11     | Received a gift from Trog
  9589 | D:11     | HP: 4/99 [ice beast (9)]
  9590 | D:11     | Mangled by an ice beast

Vault maps used:
D:1:      grunt_arrival_lava_bath
D:2:      nemelex_xobeh_ov_fountains_minmay, minmay_pentomino_w2
D:3:      nicolae_overflow_crystal_walls, first_bread
D:4:      grunt_temple_overflow_bloody_war, uniq_crazy_yiuf_cottage
D:5:      serial_curves, eino_curves_03, eino_curves_03, enter_ossuary_4,
          hangedman_decor_slide_cut
D:6:      overflow_temple_1_default, serial_shops, shop, minmay_misc_feat_five,
          grunt_ministairs_1, minmay_misc_feat_alley, nicolae_benzene_ring,
          minivault_26, kennysheep_another_room, minmay_stone_trees_small
D:7:      lemuel_crystal_altar, grunt_livestock, uniq_pikel
D:8:      old_standard_altar, enter_bailey_7, serial_shops,
          nicolae_shop_behind_doors, uniq_grum, uniq_joseph
D:9:      orc_0_dummy
D:10:     david_lair_shrubbed
D:11:     portal_ice_cave_entry_ice_beasts
Ossuary:  ossuary_zaba_flooded

Skill      XL: |  1  2  3  4  5  6  7  8  9 10 11 |
---------------+----------------------------------+-----
Axes           | 4 5 7 8 9 12 13 16 18 19 | 19.0
Fighting       | 9 |  9.9
Armour         | |  2.4
Dodging        | |  2.1

Action                   |  1- 3 |  4- 6 |  7- 9 | 10-12 || total
-------------------------+-------+-------+-------+-------++-------
Melee: Hand axe          |   122 |   117 |   385 |   505 ||  1129
       Headbutt          |    16 |    21 |   107 |   140 ||   284
Invok: Berserk           |       |     2 |     4 |     3 ||     9
       Trog's Hand       |       |       |     2 |     1 ||     3
       Burn Spellbooks   |       |       |       |     1 ||     1
  Use: Potion            |       |       |       |     2 ||     2
 Stab: Sleeping          |     1 |       |       |     1 ||     2
       Distracted        |       |       |     2 |       ||     2
  Eat: Chunk             |     2 |     7 |     7 |    15 ||    31
       Meat ration       |       |       |     1 |       ||     1
       Royal jelly       |       |       |     1 |       ||     1
Armor: Animal skin       |     8 |       |       |       ||     8
       Plate armour      |    44 |    37 |       |       ||    81
       Shadow dragon hid |     4 |       |       |       ||     4
       Ring mail         |       |    18 |    84 |   111 ||   213
       Shadow dragon arm |       |       |       |    58 ||    58
Dodge: Dodged            |    50 |    32 |   155 |   210 ||   447
